 Dungeon Crawl Stone Soup version 0.31-a0-840-g6d2ecbb638 (webtiles) character file.

Game seed: 15603721674960480169

38597 Ivernyr the Fighter (level 14, 0/82 HPs)
             Began as a Vine Stalker Gladiator on Sept 27, 2023.
             Was a High Priest of Wu Jian.
             Slain by a 13-headed hydra (5 damage)
             ... on level 3 of the Lair of Beasts.
             The game lasted 00:46:41 (12506 turns).

Ivernyr the Fighter (Vine Stalker Gladiator)       Turns: 12506, Time: 00:46:41

Health: 0/82       AC:  9    Str: 28    XL:     14   Next: 2%
Magic:  0/15       EV: 18    Int:  8    God:    Wu Jian [*****.]
Gold:   857        SH:  0    Dex: 16    Spells: 13/13 levels left

rFire   . . .        a - +0 lajatang (venom)
rCold   . . .        (shield currently unavailable)
rNeg    . . .        b - +3 troll leather armour
rPois   .            c - +0 helmet
rElec   .            B - +0 cloak
rCorr   .            o - +0 pair of gloves
SInv    .            (no boots)
Will    +....        f - amulet of magic regeneration
Stlth   +            M - +4 ring of slaying
HPRegen 1.93/turn    v - +6 ring of strength
MPRegen 0.54/turn

%: guardian spirit
@: hasted, very quick
A: fangs 3, regeneration 1, magic shield, antimagic bite, no potion heal 2
a: Renounce Religion, Wall Jump, Serpent's Lash, Heavenly Storm


You were on level 3 of the Lair of Beasts.
You worshipped Wu Jian.
Wu Jian was extremely pleased with you.
You visited 3 branches of the dungeon, and saw 15 of its levels.

You collected 961 gold pieces.
You spent 104 gold pieces at shops.

Inventory:

Hand Weapons
 a - a +0 lajatang of venom (weapon)
Missiles
 d - 8 throwing nets (quivered)
 e - a javelin
Armour
 b - a +3 troll leather armour (worn)
 c - a +0 helmet (worn)
 o - a +0 pair of gloves (worn)
 B - a +0 cloak (worn)
Jewellery
 f - an amulet of magic regeneration (around neck)
 i - the ring "Wus Boes" {rC+ SInv}
   (You acquired it on level 1 of the Lair of Beasts)

   [ring of see invisible]

   rC+:       It protects you from cold.
   SInv:      It lets you see invisible.
 q - a +4 ring of protection
 v - a +6 ring of strength (right hand)
 w - a ring of willpower
 y - a +5 ring of evasion
 D - a ring of ice
 H - a +4 ring of protection
 K - a ring of willpower
 L - a ring of magical power
 M - a +4 ring of slaying (left hand)
Wands
 p - a wand of iceblast (16)
 C - a wand of acid (10)
 E - a wand of flame (37)
 J - a wand of mindburst (21)
 N - a wand of charming (6)
Scrolls
 h - 5 scrolls of teleportation
 l - 2 scrolls of enchant armour
 m - 2 scrolls of immolation
 r - 2 scrolls of identify
 s - 3 scrolls of revelation
 t - 3 scrolls of enchant weapon
 A - a scroll of silence
Potions
 g - 3 potions of brilliance
 k - 3 potions of curing
 n - a potion of haste
 u - 3 potions of magic {unknown}
 x - 2 potions of lignification
 z - 3 potions of mutation
 F - a potion of ambrosia {unknown}
 G - 2 potions of might
 I - 2 potions of cancellation {unknown}


   Skills:
 + Level 13.0 Fighting
 + Level 13.0 Staves
 - Level 1.7 Throwing
 + Level 11.9 Dodging


You had 13 spell levels left.
You didn't know any spells.
Your spell library contained the following spells:

 Spells                   Type           Power      Damage    Failure   Level
 Necrotise                Necr           0%         1d4       43%         1
 Slow                     Hex            0%         N/A       43%         1
 Poisonous Vapours        Pois/Air       0%         N/A       58%         2
 Confusing Touch          Hex            0%         N/A       82%         3
 Frozen Ramparts          Ice            0%         1d1       82%         3
 Inner Flame              Hex/Fire       0%         N/A       82%         3
 Mephitic Cloud           Conj/Pois/Air  0%         N/A       82%         3
 Sigil of Binding         Hex            0%         N/A       82%         3
 Vampiric Draining        Necr           0%         2d6       82%         3
 Animate Dead             Necr           0%         N/A       99%         4
 Petrify                  Tmut/Erth      0%         N/A       99%         4
 Agony                    Necr           0%         N/A       100%        5
 Borgnjor's Vile Clutch   Necr/Erth      0%         N/A       100%        5
 Freezing Cloud           Conj/Ice/Air   0%         6-21      100%        5
 Metabolic Englaciation   Hex/Ice        0%         N/A       100%        5
 Yara's Violent Unravell  Hex/Tmut       0%         3d3       100%        5
 Death Channel            Necr           0%         N/A       100%        6
 Enfeeble                 Hex            0%         N/A       100%        7


Dungeon Overview and Level Annotations

Branches:
Dungeon (11/15)            Temple (1/1) D:4            Lair (3/5) D:11
  Swamp (0/4) Lair:2        Snake (0/4) Lair:2          Orc (0/2) D:11

Altars:
Ashenzari
Cheibriados
Dithmenos
Elyvilon
Fedhas
Gozag
Hepliaklqana
Kikubaaqudgha
Makhleb
Nemelex Xobeh
Okawaru
Qazlal
Ru
Sif Muna
Trog
Uskayaw
Vehumet
Wu Jian
Xom
Yredelemnul
Zin
The Shining One

Shops:
D:1 (   D:4 (   D:9 *(!(

Annotations:
D:3 3 runed translucent doors, Heedrag's ghost, weakling DsSh
D:8 4 transporters
D:10 1 runed translucent door, temujin's ghost, journeyman DECj


Innate Abilities, Weirdness & Mutations

You have razor-sharp teeth.
Your natural rate of healing is unusually fast.
When hurt, damage is shared between your health and your magic reserves.
Your bite disrupts and absorbs the magic of your enemies.
Potions cannot restore your health.


Message History

The 13-headed hydra is moderately wounded.
The 13-headed hydra completely misses you.
The 13-headed hydra misses you.
The 13-headed hydra completely misses you.
The 13-headed hydra bites you! x2
The 13-headed hydra completely misses you.
The 13-headed hydra closely misses you. The 13-headed hydra bites you.
The 13-headed hydra bites you! The 13-headed hydra closely misses you.
The 13-headed hydra bites you but does no damage.
The 13-headed hydra misses you. The 13-headed hydra bites you!
Unknown command.
Unknown command.
The 13-headed hydra attacks as it pursues you!
The 13-headed hydra bites you!
The 13-headed hydra bites you but does no damage.
The 13-headed hydra completely misses you.
The 13-headed hydra barely misses you. The 13-headed hydra bites you.
The 13-headed hydra misses you. The 13-headed hydra barely misses you.
The 13-headed hydra completely misses you.
The 13-headed hydra misses you.
The 13-headed hydra closely misses you. x2
The 13-headed hydra bites you.
The 13-headed hydra bites you but does no damage.
Aiming: Wall Jump
Press: ? - help, Dir - move target The 13-headed hydra bites you!
The 13-headed hydra misses you.
The 13-headed hydra bites you but does no damage. x2
The 13-headed hydra bites you! The 13-headed hydra barely misses you.
The 13-headed hydra completely misses you. x2
The 13-headed hydra closely misses you. The 13-headed hydra bites you!
* * * LOW HITPOINT WARNING * * *
The 13-headed hydra bites you.
* * * LOW HITPOINT WARNING * * *
The 13-headed hydra closely misses you. The 13-headed hydra bites you!
* * * LOW HITPOINT WARNING * * *
You feel yourself speed up.
You feel less exhausted. The 13-headed hydra bites you!
* * * LOW HITPOINT WARNING * * *
The 13-headed hydra closely misses you. The 13-headed hydra bites you.
You die...

.....#...............#
###
.....#.♣♣♣♣♣...♣♣♣♣♣.#
....[# ♣.♣.♣ ♣.#
.....#.♣♣♣♣♣...♣♣♣♣♣.#
.....#.)......÷...)..#
.....######♣♣÷♣♣######
.....#♣♣....♣.♣....♣♣
.....#♣....♣.♣.♣°...♣#
.....#.....♣♣♣♣♣@.)..#
.....#♣....♣.♣.♣D°..♣#
.....#♣♣....♣.♣....♣♣
.....# ####♣♣.♣♣####
.....#♣♣♣♣♣♣♣÷♣♣♣♣♣♣
.....#♣P......♣.♣..♣♣#
.....#..≈~≈P♣.♣.♣.~~.#
...<.#♣.♣.P♣♣....≈≈≈.#
.....# ...♣ ♣.♣♣....♣#
###


You could see a 13-headed hydra.

Vanquished Creatures
  Gastronok (D:8)
  Josephine (D:10)
  Harold (Lair:1)
  A hydra (Lair:3)
  Fannar (Lair:1)
  2 catoblepae
  Erica (Lair:2)
  A two-headed ogre (D:8)
  4 death yaks
  An oklob plant (Lair:2)
  Maurice (D:9)
  6 black mambas
  6 elephants (Lair:3)
  Joseph (D:7)
  6 cane toads
  A gargoyle (D:10)
  2 kobold demonologists (D:8)
  Maggie (D:9)
  3 rime drakes
  An efreet (D:10)
  9 komodo dragons (Lair:3)
  2 trolls (D:10)
  2 tyrant leeches (Lair:2)
  5 polar bears
  A hornet (D:8)
  Prince Ribbit (D:8)
  10 blink frogs
  2 spriggans (Lair:1)
  3 shadows (D:11)
  Eustachio (D:5)
  3 wraiths (D:11)
  31 yaks
  4 wyverns
  A vampire (D:11)
  5 basilisks
  5 vampire mosquitoes
  2 steam dragons
  Grum (D:8)
  3 nagas (Lair:2)
  5 water moccasins
  An ice beast (D:6)
  3 black bears
  3 orc warriors
  2 sky beasts
  2 ogres
  14 wolves
  10 centaurs
  4 kobold brigands
  A phantom (D:6)
  8 bullfrogs
  A scorpion (D:5)
  16 wights
  A troll zombie (D:11)
  6 killer bees (D:10)
  4 electric eels (D:9)
  A howler monkey (D:4)
  2 jellies
  5 hounds
  4 orc priests
  Jessica (D:2)
  A sleepcap (D:6)
  Terence (D:2)
  5 orc wizards
  Natasha (D:2)
  An iguana (D:5)
  6 hell rats (Lair:3)
  7 ogre zombies (D:11)
  7 adders
  A shadow imp (D:8)
  2 white imps
  An ufetubus (D:7)
  4 dart slugs
  15 orcs
  7 ball pythons
  2 bats
  3 endoplasms
  4 giant cockroaches
  5 goblins
  13 hobgoblins
  18 kobolds
  4 quokkas
  9 frilled lizards
  2 goblin skeletons (D:11)
  2 goblin zombies (D:11)
  A hobgoblin skeleton (D:11)
  3 hobgoblin zombies (D:11)
  2 orc skeletons (D:11)
  14 orc zombies (D:11)
  3 rats
371 creatures vanquished.

Notes
Turn   | Place    | Note
-------+----------+-------------------------------------------
     0 | D:1      | Ivernyr the Vine Stalker Gladiator began the quest for the
                  | Orb.
     0 | D:1      | Reached XP level 1. HP: 11/11 MP: 2/2
   198 | D:1      | Reached XP level 2. HP: 15/15 MP: 3/3
   384 | D:1      | Found Resiasoz's Antique Weapon Emporium.
   613 | D:1      | Reached XP level 3. HP: 10/18 MP: 2/4
  1092 | D:2      | Noticed Jessica
  1096 | D:2      | Killed Jessica
  1097 | D:2      | Reached XP level 4. HP: 23/23 MP: 5/5
  1582 | D:2      | Noticed Natasha
  1587 | D:2      | Killed Natasha
  1588 | D:2      | Reached XP level 5. HP: 28/28 MP: 6/6
  1668 | D:2      | Noticed Terence
  1674 | D:2      | Killed Terence
  2019 | D:3      | Found a faded altar of an unknown god.
  2103 | D:3      | Found a runed translucent gate.
  2103 | D:3      | Found a runed translucent gate.
  2103 | D:3      | Found a runed translucent gate.
  2104 | D:3      | Noticed a kobold brigand
  2104 | D:3      | Noticed Heedrag's ghost (weakling DsSh)
  2519 | D:4      | Found a staircase to the Ecumenical Temple.
  2529 | D:4      | Reached XP level 6. HP: 32/32 MP: 7/7
  2567 | D:4      | Noticed a black bear
  2586 | D:4      | Killed a black bear
  2677 | D:4      | Found Tuunk's Weapon Boutique.
  2872 | D:5      | Entered Level 5 of the Dungeon
  2924 | D:5      | Found a blossoming altar of Fedhas.
  3061 | D:5      | Reached XP level 7. HP: 35/37 MP: 8/8
  3084 | D:5      | Found a hazy altar of Hepliaklqana.
  3406 | D:5      | Noticed Eustachio
  3419 | D:5      | Killed Eustachio
  3420 | D:5      | Reached skill level 5 in Staves
  3574 | D:5      | Reached skill level 5 in Fighting
  3574 | D:5      | Gained mutation: You have razor-sharp teeth. [Vine Stalker
                  | growth]
  3574 | D:5      | Reached XP level 8. HP: 43/43 MP: 9/9
  3946 | D:6      | Reached skill level 5 in Dodging
  4306 | D:6      | Found a snail-covered altar of Cheibriados.
  4919 | D:6      | Reached XP level 9. HP: 46/48 MP: 10/10
  4934 | D:7      | Noticed Joseph
  4981 | D:7      | Killed Joseph
  5628 | D:8      | Noticed a two-headed ogre
  5641 | D:8      | Killed a two-headed ogre
  5785 | D:8      | Noticed a kobold demonologist
  5788 | D:8      | Noticed a kobold demonologist
  5797 | D:8      | Noticed a smoke demon
  5798 | D:8      | Noticed an ice devil
  5824 | D:8      | Noticed a rust devil
  5829 | D:8      | Killed a kobold demonologist
  5839 | D:8      | Noticed a hellwing
  5843 | D:8      | Noticed a hellwing
  5846 | D:8      | Killed a kobold demonologist
  5847 | D:8      | Reached XP level 10. HP: 30/56 MP: 7/11
  6061 | D:8      | Found a transporter.
  6114 | D:8      | Found a transporter.
  6236 | D:8      | Noticed Grum
  6286 | D:8      | Killed Grum
  6360 | D:8      | Noticed Gastronok
  6361 | D:8      | Found a transporter.
  6374 | D:8      | Killed Gastronok
  6473 | D:8      | Found a transporter.
  6563 | D:9      | Noticed Prince Ribbit
  6667 | Temple   | Entered the Ecumenical Temple
  6678 | Temple   | Became a worshipper of the Wu Jian Council
  6776 | D:8      | Killed Prince Ribbit
  7010 | D:9      | Reached XP level 11. HP: 62/62 MP: 12/12
  7015 | D:9      | Noticed Maggie
  7035 | D:9      | Killed Maggie
  7101 | D:9      | Noticed Maurice
  7122 | D:9      | Something stole a ring of willpower
  7124 | D:9      | Killed Maurice
  7195 | D:9      | Found Maroott's Assorted Antiques.
  7382 | D:9      | Found Ciqom's Distillery.
  7385 | D:9      | Found Pyxt's Antique Weapon Shop.
  7406 | D:9      | Bought a potion of lignification for 39 gold pieces
  7406 | D:9      | Bought a potion of might for 52 gold pieces
  7406 | D:9      | Bought a potion of degeneration for 13 gold pieces
  7433 | D:9      | Found Foween's Antique Weapon Shoppe.
  7690 | D:10     | Entered Level 10 of the Dungeon
  7695 | D:10     | Found a runed translucent door.
  7698 | D:10     | Noticed temujin's ghost (journeyman DECj)
  7836 | D:10     | Reached * piety under Wu Jian
  8764 | D:11     | Found a staircase to the Orcish Mines.
  8802 | D:11     | Reached skill level 10 in Staves
  8804 | D:11     | Reached ** piety under Wu Jian
  8831 | D:11     | Noticed a death yak
  8831 | D:11     | Noticed a death yak
  8850 | D:11     | Noticed Josephine
  8874 | D:10     | Killed Josephine
  8875 | D:10     | Reached skill level 10 in Fighting
  8975 | D:11     | Found a staircase to the Lair.
  9111 | D:11     | Reached *** piety under Wu Jian
  9155 | D:11     | Killed a death yak
  9171 | D:11     | Noticed a death yak
  9173 | D:11     | Reached XP level 12. HP: 66/68 MP: 13/13
  9203 | D:10     | Killed a death yak
  9232 | D:10     | Killed a death yak
  9593 | Lair:1   | Entered Level 1 of the Lair of Beasts
  9636 | Lair:1   | Reached skill level 10 in Dodging
  9709 | Lair:1   | Noticed Fannar
  9721 | Lair:1   | Killed Fannar
  9807 | Lair:1   | Noticed Harold
  9839 | Lair:1   | Killed Harold
  9915 | Lair:1   | Identified a scroll of acquirement
  9918 | Lair:1   | Acquired the ring "Wus Boes" {rC+ SInv}
 10715 | Lair:2   | Found a staircase to the Swamp.
 10951 | Lair:2   | Found a staircase to the Snake Pit.
 10977 | Lair:2   | Reached **** piety under Wu Jian
 11014 | Lair:2   | Reached XP level 13. HP: 52/74 MP: 12/14
 11193 | Lair:2   | Found a snail-covered altar of Cheibriados.
 11233 | Lair:2   | Noticed Erica
 11236 | Lair:2   | Killed Erica
 11859 | Lair:3   | Found a snail-covered altar of Cheibriados.
 12142 | Lair:3   | Reached ***** piety under Wu Jian
 12403 | Lair:3   | Reached XP level 14. HP: 52/81 MP: 15/15
 12506 | Lair:3   | Slain by a 13-headed hydra

Illustrated notes

Levels and vault maps discovered:
D:1:      dpeg_arrival_radiant, layout_basic, serial_shops,
          nicolae_shop_overgrown_old_shop
D:2:      layout_basic, uniq_jessica, uniq_natasha, uniq_terence
D:3:      layout_loops_ring, gammafunk_ghost_nasty_kobolds,
          basic_ecumenical_altar, st_stairs_6, saegor_snake_ambush
D:4:      layout_rooms, minmay_temple_entry_from_below_a, serial_shops,
          nicolae_shop_tiny_statue_garden
D:5:      layout_basic, mainiacjoe_overflow_chevrons, fedhas_altar_1,
          hangedman_decor_points, uniq_eustachio
D:6:      layout_basic, kennysheep_slug_shrine
D:7:      layout_basic, minivault_11, grunt_ministairs_1, uniq_joseph
D:8:      layout_loops_ring, nicolae_diode_intersection, uniq_gastronok,
          uniq_grum
D:9:      layout_loops_cross, serial_shops, shop, nicolae_shop_trees, shop,
          nicolae_shop_tiny_real_fake_doors, chequers_big_river,
          uniq_prince_ribbit1, uniq_maurice, uniq_maggie
D:10:     layout_loops_ring, hellmonk_ghost_big_iron, disabler_island
D:11:     layout_rooms, dpeg_lair_monsters, zombieorc2_lemuel,
          lemuel_flame_loot_1, uniq_josephine
Temple:   hellmonk_temple_of_storms
Lair:1:   layout_cellular_growth, lemuel_fruit_tree, uniq_fannar, uniq_harold
Lair:2:   layout_chaotic_city, minmay_swamp_entry_worms,
          guppyfry_snake_entry_island, basic_altar, st_stairs_13,
          forest_entry_grove, serial_bayou_shore_b, uniq_erica
Lair:3:   nzn_winding_woodlands_huge [nzn_winding_woodlands_5x15_eye,
          nzn_winding_woodlands_5x15_longhouse,
          nzn_winding_woodlands_5x15_garden,
          nzn_winding_woodlands_5x15_concentric,
          nzn_winding_woodlands_5x15_parted,
          nzn_winding_woodlands_5x15_pathside_ponds,
          nzn_winding_woodlands_5x15_crooked, nzn_winding_woodlands_5x15_pool,
          nzn_winding_woodlands_5x15_sidewinder,
          nzn_winding_woodlands_5x15_split_checker,
          nzn_winding_woodlands_center_diamonds,
          nzn_winding_woodlands_center_lodge,
          nzn_winding_woodlands_15x15_boxy_spiral], layout_chaotic_city,
          lemuel_altar_in_water2

Skill      XL: |  1  2  3  4  5  6  7  8  9 10 11 12 13 14 |
---------------+-------------------------------------------+-----
Fighting       | 2 3 4 5 6 7 9 10 11 12 13 | 13.0
Staves         | 3 4 5 6 7 9 10 11 12 13 | 13.0
Dodging        | 3 4 5 7 8 9 10 11 | 11.9
Throwing       | |  1.7

Action                     |  1- 3 |  4- 6 |  7- 9 | 10-12 | 13-15 || total
---------------------------+-------+-------+-------+-------+-------++-------
  Melee: Quarterstaff      |    74 |   137 |   223 |   183 |       ||   617
         Bite              |    11 |    33 |    70 |   228 |   102 ||   444
         Lajatang          |       |       |       |   522 |   278 ||   800
 Invoke: Serpent's Lash    |       |       |       |     4 |     3 ||     7
Ability: Lunge             |       |       |       |    49 |    25 ||    74
         Whirlwind         |       |       |       |   147 |    86 ||   233
         Wall Jump         |       |       |       |     1 |     1 ||     2
    Use: Potion            |       |       |     3 |     1 |     2 ||     6
         Scroll            |       |       |       |    18 |     3 ||    21
   Stab: Sleeping          |     1 |       |       |       |       ||     1
         Distracted        |       |       |       |     1 |       ||     1
         Petrifying        |       |       |       |       |     1 ||     1
 Armour: Leather armour    |     5 |       |       |       |       ||     5
         Scale mail        |    39 |       |       |       |       ||    39
         Ring mail         |     7 |    91 |   158 |   166 |       ||   422
         Troll leather arm |       |       |       |   186 |   172 ||   358
         Skin              |       |       |       |     1 |       ||     1
  Dodge: Dodged            |    42 |    90 |   160 |   506 |   237 ||  1035

Table legend: (Time is in decaauts)
 A = Elapsed time spent in this place.
 B = Non-inter-level travel time spent in this place.
 C = Inter-level travel time spent in this place.
 D = Time resting spent in this place.
 E = Time spent auto-exploring this place.
 F = Levels seen in this place.
 G = Mean time per level.
                   A        B        C        D        E       F      G
               +--------+--------+--------+--------+--------+-----+--------+
         Total |  12475 |  11904 |    571 |    490 |   8084 |  15 |  831.7 |
       Dungeon |   9580 |   9064 |    516 |    356 |   6235 |  11 |  870.9 |
        Temple |     20 |     20 |      0 |      0 |      0 |   1 |   20.0 |
          Lair |   2874 |   2820 |     54 |    134 |   1849 |   3 |  958.0 |
               +--------+--------+--------+--------+--------+-----+--------+

Top non-repeatable levels by time:
    D:10: 1155 daAuts
  Lair:1: 1114 daAuts
     D:6: 1114 daAuts
     D:5: 1067 daAuts
     D:8: 1018 daAuts
     D:1: 983 daAuts
     D:9: 927 daAuts
  Lair:3: 919 daAuts
  Lair:2: 840 daAuts
     D:3: 787 daAuts
     D:2: 750 daAuts
    D:11: 726 daAuts
     D:7: 642 daAuts
     D:4: 406 daAuts
  Temple: 20 daAuts
